 Dungeon Crawl Stone Soup version 0.31-a0-108-gdf935468f2 (webtiles) character file.

Game seed: 5867149532347636608

228 Esekla the Covert (level 6, 0/43 HPs)
             Began as an Octopode Delver on May 27, 2023.
             Slain by an iguana (7 damage)
             ... on level 5 of the Dungeon.
             The game lasted 00:06:16 (457 turns).

Esekla the Covert (Octopode Delver)                  Turns: 457, Time: 00:06:17

Health: 0/43       AC:  1    Str: 11    XL:     6   Next: 2%
Magic:  7/7        EV: 13    Int: 15    God:
Gold:   51         SH:  0    Dex: 13    Spells: 7/7 levels left

rFire   . . .        a - +0 falchion
rCold   . . .        (no shield)
rNeg    . . .        (helmet restricted)
rPois   .            (no amulet)
rElec   .            (no ring)
rCorr   .            (no ring)
SInv    .            (no ring)
Will    .....        (no ring)
Stlth   +++++        (no ring)
HPRegen 0.27/turn    (no ring)
MPRegen 0.10/turn    (no ring)
                     (no ring)

%: no passive effects
@: no status effects
A: almost no armour, amphibious, 8 rings, camouflage 1, gelatinous body 1,
(nimble swimmer 1), tentacles
a: no special abilities


You were on level 5 of the Dungeon.
You visited 1 branch of the dungeon, and saw 1 of its levels.

You collected 51 gold pieces.

Inventory:

Hand Weapons
 a - a +0 falchion (weapon)
 d - a +0 dagger
Wands
 f - a wand of digging (3)
 g - a wand of iceblast (10)
Scrolls
 b - a scroll of fog


   Skills:
 * Level 3.8 Fighting
 * Level 2.9 Long Blades
 * Level 2.6 Dodging
 + Level 8.7 Stealth
 * Level 1.2 Spellcasting


You had 7 spell levels left.
You didn't know any spells.
Your spell library was empty.

Dungeon Overview and Level Annotations

Branches:
Dungeon (5/15)
 Temple: D:4-7

Altars:
Elyvilon
Gozag
Vehumet

Annotations:
D:5 GonguanaGonguana's ghost, amateur MeEE


Innate Abilities, Weirdness & Mutations

You cannot wear most types of armour.
You are amphibious.
You can wear up to eight rings at the same time.
Your skin changes colour to match your surroundings (Stealth+).
Your rubbery body absorbs attacks. (AC +1, EV +1)
((You are camouflaged when in or above water. (Stealth+)))
You have tentacles for arms and can constrict up to eight enemies at once.


Message History

The scorpion closely misses you.
The iguana hisses angrily.
You hit the scorpion.
The scorpion is almost dead.
You constrict the scorpion.
You kill the scorpion!
You feel sick.
You have reached level 6!
You feel sick.
You feel sick.
There is an open translucent gate here.
You feel sick.
You are no longer poisoned.
You see here 14 gold pieces.
The iguana barely misses you.
There is an opulent altar of Gozag here.
You curl up in front of the altar of Gozag.
Gozag does not accept service from beggars like you!
The service fee for joining is currently 78 gold; you only have 39.
You see here 12 gold pieces.
You close the gate.
The iguana bites you!
* * * LOW HITPOINT WARNING * * *
Okay, then.
You aren't carrying any potions.
As you read the scroll labelled CYTAELLUSU, it crumbles to dust.
It is a scroll of enchant armour.
You aren't carrying any armour which can be enchanted further.
The iguana barely misses you.
You barely miss the iguana.
The jelly quivers.
Your grab misses the iguana.
You hear a slurping noise.
The jelly eats the door!
The iguana misses you. The iguana attacks as you move away!
The iguana barely misses you.
You hear a slurping noise.
The jelly eats the door!
You see here 12 gold pieces.
You now have 51 gold pieces (gained 12).
The iguana bites you!
You die...

#.#$.!.................
#.#.#.####..........#..
######.....###.........[...#
#...W(....###..†##>....#.#.#
#.######.........##.#..#...#
#.# #.........####..###.#
#S# #..##+..##.# #..##.#.
##.# #.##.J...### #....#,#
#..# #.#∩@l_$..# ##.##.#.
#W## *.#8.$8.$8# #.###.# #.#
*,#....$$.# #...... #)#
*,##.8∩8.##* #...... #.#
*,,#######.* ##...... #.#
***,* #.##.###....... #.#
*,* #.............. #.# *,*
#####.##.#..... #.# *,*
#.##.#.....


You could see an iguana and a jelly.

Vanquished Creatures
  An ogre (D:5)
  A bullfrog (D:5)
  A scorpion (D:5)
  A hound (D:5)
  An orc wizard (D:5)
  An adder (D:5)
6 creatures vanquished.

Vanquished Creatures (others)
  A jelly (D:5)
1 creature vanquished.

Grand Total: 7 creatures vanquished

Notes
Turn   | Place    | Note
-------+----------+-------------------------------------------
     0 | D:5      | Esekla the Octopode Delver began the quest for the Orb.
     0 | D:5      | Reached XP level 1. HP: 16/16 MP: 1/1
     5 | D:5      | Found a white marble altar of Elyvilon.
     5 | D:5      | Noticed a jelly
    24 | D:5      | Found a radiant altar of Vehumet.
    24 | D:5      | Noticed an ogre
    46 | D:5      | Killed an ogre
    47 | D:5      | Reached skill level 7 in Stealth
    47 | D:5      | Reached XP level 2. HP: 9/21 MP: 2/2
    47 | D:5      | Reached XP level 3. HP: 12/26 MP: 3/3
   169 | D:5      | Found a runed translucent gate.
   170 | D:5      | Found a runed translucent gate.
   170 | D:5      | Found a runed translucent gate.
   170 | D:5      | Found an opulent altar of Gozag.
   171 | D:5      | Noticed a scorpion
   174 | D:5      | Noticed GonguanaGonguana's ghost (amateur MeEE)
   189 | D:5      | Reached skill level 8 in Stealth
   189 | D:5      | Reached XP level 4. HP: 27/31 MP: 4/4
   199 | D:5      | Noticed a bullfrog
   204 | D:5      | Killed a bullfrog
   205 | D:5      | Reached XP level 5. HP: 9/36 MP: 4/6
   396 | D:5      | Reached skill level 1 in Spellcasting
   447 | D:5      | Reached XP level 6. HP: 21/43 MP: 7/7
   457 | D:5      | Slain by an iguana

Illustrated notes

Levels and vault maps discovered:
D:5:      layout_loops_ring, mainiacjoe_overflow_surrounded_room,
          fiery_altar_vehumet, ebering_ghost_gozag, minmay_puff,
          uniq_crazy_yiuf_cottage, uniq_eustachio

Skill      XL: |  1  2  3  4  5 |
---------------+----------------+-----
Stealth        | 7 8 |  8.7
Spellcasting   | 1 |  1.2
Fighting       | |  3.8
Long Blades    | |  2.9
Dodging        | |  2.6

Action                     |  1- 3 |  4- 6 || total
---------------------------+-------+-------++-------
  Melee: Falchion          |    10 |    18 ||    28
         Tentacles         |     3 |     4 ||     7
         Constrict         |     1 |     4 ||     5
    Use: Scroll            |     3 |     1 ||     4
         Potion            |     1 |       ||     1
 Armour: Skin              |       |     1 ||     1
  Dodge: Dodged            |     7 |    12 ||    19

Table legend: (Time is in decaauts)
 A = Elapsed time spent in this place.
 B = Non-inter-level travel time spent in this place.
 C = Inter-level travel time spent in this place.
 D = Time resting spent in this place.
 E = Time spent auto-exploring this place.
 F = Levels seen in this place.
 G = Mean time per level.
                   A        B        C        D        E       F      G
               +--------+--------+--------+--------+--------+-----+--------+
         Total |    442 |    442 |      0 |    194 |      0 |   1 |  442.0 |
       Dungeon |    442 |    442 |      0 |    194 |      0 |   1 |  442.0 |
               +--------+--------+--------+--------+--------+-----+--------+

Top non-repeatable levels by time:
     D:5: 442 daAuts
